[Event "Early-Titled-Tuesday-Blitz-May-07-2024"]
[Site "Chess.com"]
[Date "2024.05.07"]
[Round "8"]
[White "LLariMarc"]
[Black "sterpfi"]
[Result "1/2-1/2"]
[WhiteElo "2510"]
[BlackElo "2317"]
[TimeControl "180+1"]
[EndTime "9:36:12 PDT"]
[Termination "Game drawn by 50-move rule"]

1. d4 d5 2. Nf3 Nf6 3. Bf4 e6 4. e3 Bd6 5. Bg3 O-O 6. Nbd2 c5 7. c3 Qc7 8. Ne5 Nc6 9. f4 Ne7 10. Bd3 Nf5 11. Bf2 Be7 12. g4 Nd6 13. Qf3 b6 14. g5 Nfe4 15. h4 Nxd2 16. Kxd2 Ne4+ 17. Ke2 cxd4 18. exd4 Bb7 19. h5 f5 20. gxf6 Bxf6 21.
Rag1 Bxe5 22. dxe5 Qf7 23. Be3 Qf5 24. Rh2 Rf7 25.
Qg4 Raf8 26. Rhg2 Qxg4+ 27. Rxg4 Kh8 28. Bd4 Rg8 29. Ke3 Rf5 30. Bxe4 dxe4 31. Rg5 Rgf8 32.
Rxf5 Rxf5 33. Rg5 Rxg5 34. fxg5 Kg8 35. g6 hxg6 36. hxg6 Kf8 37. Kf4 Ke7 38. c4 Bc6 39. b4 Be8 40. Kg5 Kd7 41. a4 Kc6 42. b5+ Kd7 43. a5 Kc7 44. Kh5 bxa5 45. Bxa7 a4 46.
Kg4 a3 47. Kf4 Kb7 48. Bd4 Bxg6 49. c5 Bf5 50. c6+ Kc7 51. Ke3 a2 52. Kd2 g5 53.
Kc1 e3 54. Kb2 g4 55. Bxe3 Bb1 56. Bf2 Bd3 57. Kxa2 Bxb5 58. Kb3 Bxc6 59. Kc4 Bd5+ 60. Kd4 Kd7 61. Ke3 Kc6 62. Kf4 Kb5 63. Bh4 Kc4 64. Bf6 Kd3 65. Kg3 Kd4 66. Bh8 Ke4 67. Bg7 Kf5 68. Bf6 Kg6 69. Kf2 Kf5 70. Kg3 Ke4 71.
Bh8 Kf5 72. Bg7 Kg6 73. Bf6 Kf7 74. Kxg4 Kg6 75. Kf4 Kf7 76. Ke3 Kg6 77. Kd4 Kf7 78.
Kc5 Kg6 79. Kd6 Kf7 80. Kc7 Kg6 81. Kd7 Kf5 82. Ke7 Kg6 83. Kf8 Kf5 84. Kg7 Ke4 85.
Kh6 Kf5 86. Kh5 Ke4 87. Kh4 Kf5 88. Kg3 Ke4 89. Kf2 Kf5 90. Ke3 Kg6 91. Kd4 Kf7 92. Kc5 Ke8 93. Kd6 Kf7 94. Kd7 Kg6 95. Ke8 Kf5 96.
Kf8 Ke4 97. Kg7 Kd3 98. Kh8 Kc4 99. Kh7 Kb5 100. Kh6 Kc6 101. Kh5 Kb7 102. Kh4 Ka6 103. Kh3 Kb5 104. Kg3 Ka5 105. Kh2 Ka4 106. Kg1 Kb3 107. Kf2 Kc4 108. Ke3 Kb5 109. Kf4 Kc6 110. Kg5 Kb7 111. Kh6 Kc8 112. Kg7 Kd7 113. Kg6 Kc6 114. Kh7 Kb5 115. Kg8 Kc4 116. Kg7 Kd3 117. Kf8 Ke4 118. Kf7 Kd3 119. Ke7 Kc4 120. Ke8 Kb3 121. Kd8 Kc2 122. Kd7 Kd3 123. Kc7 Kc4 124. Kd6 1/2-1/2

[Event "Early-Titled-Tuesday-Blitz-May-07-2024"]
[Site "Chess.com"]
[Date "2024.05.07"]
[Round "8"]
[White "nuadvaga"]
[Black "EvgenyBurmakin"]
[Result "0-1"]
[WhiteElo "2156"]
[BlackElo "2342"]
[TimeControl "180+1"]
[EndTime "9:36:12 PDT"]
[Termination "EvgenyBurmakin won by resignation"]

1. d4 Nf6 2. f3 d5 3. e4 dxe4 4.
fxe4 Nxe4 5. Nc3 Nxc3 6. bxc3 g6 7. Bc4 Bg7 8. Nf3 O-O 9. O-O c5 10. Ng5 e6 11. Qf3 cxd4 12. Ba3 Qxg5 13. Bxf8 Qe3+ 14.
Qxe3 dxe3 15. Bxg7 Kxg7 16. Rae1 Nc6 17. Rxe3 Bd7 18.
Rd1 Be8 19. Bb3 Kf6 20. Kf2 Ke7 21. Kf3 Rc8 22. g4 h6 23. h4 Na5 24. Rd4 Rc5 25.
Kf4 h5 26. gxh5 Rxh5 27. Kg3 Nc6 28. Rde4 e5 29. Bd5 f6 30. Rc4 Bd7 31. Bf3 Rh8 32. a4 Rd8 33. a5 Nxa5 34. Rc7 Kd6 35. Rxb7 Nxb7 36. Bxb7 Rb8 37. Ba6 f5 38. Kf2 e4 39.
Bc4 Ke5 40. Bb3 Rh8 41. Re1 Rxh4 42. Ra1 Rh2+ 43. Kg3 Rd2 44. Rxa7 f4+ 45. Kh4 e3 46. Bc4 f3 47. Kg3 f2 48. Bf1 Rd1 49. Be2 Rd2 50. Bc4 Bc6 51. Rc7 e2 52. Kxf2 Rxc2 53. Ke1 Bf3 54.
Re7+ Kf4 55. Bxe2 Rxc3 56. Rf7+ Kg3 57. Bxf3 Rxf3 58. Rg7 Rf6 59. Ke2 Kg4 60. Ke1 g5 61.
Ke2 Kh4 62. Rh7+ Kg3 63. Rg7 g4 64. Ke1 Kh3 65. Ke2 g3 66. Rh7+ Kg2 67. Rg7 Kh2 68. Rh7+ Kg1 69. Rg7 g2 70. Ke3 Re6+ 71. Kf3 Kf1 72.
Rxg2 Rf6+ 73. Kg4 Kxg2 0-1

[Event "Early-Titled-Tuesday-Blitz-May-07-2024"]
[Site "Chess.com"]
[Date "2024.05.07"]
[Round "8"]
[White "krzyzan94"]
[Black "MagnusCarlsen"]
[Result "0-1"]
[WhiteElo "2798"]
[BlackElo "3207"]
[TimeControl "180+1"]
[EndTime "9:36:13 PDT"]
[Termination "MagnusCarlsen won by resignation"]

1. e4 a5 2. d4 Ra6 3. Nf3 e6 4. c4 g6 5. Nc3 Bg7 6. h4 h6 7. e5 d6 8. c5 dxc5 9. Bxa6 Nxa6 10. dxc5 Qxd1+ 11. Kxd1 Nxc5 12. Kc2 Ne7 13. Bf4 b6 14. Rhd1 Bb7 15. Rd2 Ne4 16. Re2 Nxc3 17. bxc3 Bd5 18. Rd2 a4 19. Nd4 Bxg2 20. c4 Be4+ 21. Kb2 g5 22. Re1 Ng6 23. Rxe4 Nxf4 24. Nc6 O-O 25.
hxg5 hxg5 26. Rd7 Kh7 27. Ka3 Kg6 28. Ne7+ Kh5 29. Kxa4 f5 30. exf6 Bxf6 31. Nc6 Kg4 32. Re3 Rh8 33. Rxc7 Rh2 34. Rg3+ Kf5 35. Ne7+ Bxe7 36.
Rxe7 Rxf2 37. Rf7+ Kg6 38. Rb7 Rxa2+ 39. Kb3 Ra6 40.
Kb4 Kf6 41. Kb5 Ra1 42. Kxb6 Rb1+ 43. Kc6 Rc1 44. c5 e5 45. Rb5 Ne6 46. Kb6 Nd4 47.
Rb2 e4 48. Rf2+ Kg6 49. Re3 Rb1+ 50. Kc7 Rc1 51. Rxe4 Rxc5+ 52. Kd6 Rf5 53. Rg2 Nf3 54. Re6+ Kh5 55. Re8 Rf6+ 56. Kd5 Rf5+ 57. Ke4 Rf4+ 58. Ke3 Rf6 59. Rf2 g4 60. Rh8+ Kg5 61. Rg8+ Kf5 62. Re8 Ra6 63. Rf8+ Kg5 64. Rg8+ Kh4 65. Rh8+ Kg3 66.
Rc2 Re6+ 67. Kd3 Ne1+ 68. Kd2 Nxc2 69. Kxc2 Rd6 70. Rf8 Kg2 71. Kc3 g3 72. Kc2 Kg1 73. Kc3 g2 74. Kc2 Rh6 75. Kd2 Kh1 76. Ke2 0-1

[Event "Early-Titled-Tuesday-Blitz-May-07-2024"]
[Site "Chess.com"]
[Date "2024.05.07"]
[Round "8"]
[White "Grandelicious"]
[Black "GM_dmitrij"]
[Result "1-0"]
[WhiteElo "2916"]
[BlackElo "3036"]
[TimeControl "180+1"]
[EndTime "9:36:14 PDT"]
[Termination "Grandelicious won by resignation"]

1. c4 e5 2. Nc3 Bb4 3. Qb3 Nc6 4. Nd5 a5 5. g3 Nf6 6. Bg2 O-O 7. e3 Re8 8. Ne2 Bf8 9. O-O a4 10. Qd1 Nxd5 11.
cxd5 Nb4 12. Nc3 a3 13. bxa3 Nd3 14. a4 c6 15. Qc2 Nxc1 16. Rfxc1 Qa5 17. Rab1 Ba3 18.
Rd1 Bb4 19. Ne4 cxd5 20. Ng5 e4 21. d3 Be7 22. Nh3 Qxa4 23. Qxa4 Rxa4 24. Nf4 d4 25.
exd4 exd3 26. Bxb7 Rxa2 27. Rxd3 Ra7 28. Bxc8 Rxc8 29.
Rdb3 Bd6 30. Nd5 f6 31. Rb7 Rca8 32. R1b6 Bf8 33. h4 Kf7 34. h5 Rxb7 35. Rxb7 Ke6 36. Ne3 Ra4 37. d5+ Ke7 38. Nf5+ Ke8 39. Rb8+ Kf7 40. Rd8 g6 41. hxg6+ hxg6 42. Nh4 Ra7 43. Kg2 Be7 44. Rh8 Kg7 45. Re8 Kf7 46. Rh8 Kg7 47. Re8 Bc5 48. Re2 Kf7 49. Rc2 d6 50. Nf3 Ra3 51.
Rd2 Rb3 52. Ne1 Bb4 53. Rd3 Rb2 54. Nf3 Bc5 55. Nd4 f5 56. Kf3 Kf6 57. g4 Ke5 58. Nc6+ Kf6 59. gxf5 Rxf2+ 60. Kg3 Rxf5 61. Nd8 Rg5+ 62.
Kf3 Rf5+ 63. Ke2 Ke5 64. Ne6 Bb4 65. Nd4 Rf6 66. Nc6+ Ke4 67. Nxb4 g5 68. Re3+ Kd4 69.
Rd3+ Ke4 70. Nc2 g4 71. Rd4+ Ke5 72. Kd3 g3 73. Ne3 Rf3 74. Re4+ Kf6 75. Rg4 Ke5 76. Rg5+ Kf6 77. Rg8 Ke5 78. Re8+ Kf4 79. Rf8+ 1-0

[Event "Early-Titled-Tuesday-Blitz-May-07-2024"]
[Site "Chess.com"]
[Date "2024.05.07"]
[Round "8"]
[White "AnaKuchava"]
[Black "Doublekk14"]
[Result "0-1"]
[WhiteElo "2198"]
[BlackElo "2352"]
[TimeControl "180+1"]
[EndTime "9:36:16 PDT"]
[Termination "Doublekk14 won on time"]

1. d4 Nf6 2. Nf3 d5 3. c4 e6 4. Nc3 h6 5. Bf4 c5 6. e3 Nc6 7. cxd5 exd5 8. Be2 Be7 9. O-O O-O 10. Rc1 c4 11. b3 cxb3 12. Qxb3 Na5 13. Qb1 Bg4 14. h3 Bxf3 15. Bxf3 b6 16. Nb5 Nc4 17. Rfd1 a6 18. Nc7 Ra7 19. Nxd5 Nxd5 20. Rxc4 Nxf4 21.
exf4 Rc7 22. Rdc1 Rxc4 23. Rxc4 Qb8 24. d5 Bd6 25. g3 Bc5 26. Qf5 Qd6 27. h4 g6 28. Qe4 Rd8 29. Rc2 Kg7 30. h5 Qf6 31. hxg6 Qxg6 32. Qe5+ Qf6 33. Qe2 Qg6 34. Rc1 Qxg3+ 35.
Kf1 Qxf4 36. Re1 Rd6 37. Qe5+ Qxe5 38. Rxe5 Rf6 39. Ke2 Rd6 40. Re8 Kf6 41. Ra8 a5 42.
Rh8 Kg7 43. Re8 Rd7 44. Bg4 Re7+ 45. Rxe7 Bxe7 46. Kf3 Kf6 47. Ke4 Bd6 48. Bh5 Kg5 49.
Bxf7 h5 50. Kf3 h4 51. Be6 Kf6 52. Kg4 Bc5 53. Kxh4 Bxf2+ 54. Kg4 Ke5 55. Kf3 Bc5 56. Ke2 Kd4 57. Kd2 Bd6 58. Kc2 b5 59. Kb3 a4+ 60. Kc2 b4 61. Kb2 Kc4 62. Kc2 Be5 63. Kb1 Kc5 64.
Bf7 Bd4 65. Bg8 Kd6 66. Bf7 Kc5 67. Bg8 Be5 68. Be6 Bd6 69. Kb2 Kd4 70. Kb1 Bc5 71.
Kb2 Bd6 72. Kb1 Kc3 73. Bf7 b3 74. axb3 Kxb3 75. Bg8 a3 0-1

[Event "Early-Titled-Tuesday-Blitz-May-07-2024"]
[Site "Chess.com"]
[Date "2024.05.07"]
[Round "8"]
[White "felipelobo"]
[Black "Tsyhanchuk_Stanislav"]
[Result "0-1"]
[WhiteElo "1957"]
[BlackElo "2293"]
[TimeControl "180+1"]
[EndTime "9:36:17 PDT"]
[Termination "Tsyhanchuk_Stanislav won on time"]

1. d4 Nf6 2. Bf4 c5 3. e3 d5 4.
Nf3 e6 5. c3 Nc6 6. Nbd2 b6 7.
Ne5 Bd7 8. Bd3 Be7 9. O-O O-O 10. Qf3 cxd4 11. exd4 Rc8 12. Qh3 Bd6 13. Rae1 Ne7 14. Nxf7 Rxf7 15. Bxd6 e5 16. Qe3 e4 17. Ba6 Nf5 18. Qf4 Rc6 19. Be5 Nh5 20. Qg4 e3 21. fxe3 Nxe3 22. Qxh5 Nxf1 23. Nxf1 Rh6 24. Qe2 Qh4 25. Bg3 Qg5 26. Bd3 Bg4 27. Qe8+ Rf8 28.
Qe7 Qh5 29. Qxg7+ Kxg7 30. Re7+ Rf7 31. Be5+ Kg8 32. Re8+ Rf8 33. Re7 Qg6 34. Rg7+ Qxg7 35. Bxg7 Kxg7 36. Ng3 Rhf6 37. h3 Bd7 38. Nh5+ Kf7 39.
Nxf6 Kxf6 40. g4 Kg7 41. Kg2 Re8 42. Kf2 Rf8+ 43. Kg3 Re8 44. Kf2 a5 45. h4 Kg8 46.
g5 Kg7 47. Kg3 Rf8 48. h5 h6 49. gxh6+ Kxh6 50. Bg6 Be8 51. Bxe8 Rxe8 52. Kf4 Re2 53. b4 Rxa2 54. bxa5 bxa5 55. Ke5 Rd2 56. Kxd5 a4 57. Kc4 a3 58. d5 a2 59. Kc5 a1=Q 60.
d6 Rxd6 61. Kxd6 Kxh5 62. c4 Qd4+ 63. Ke6 Qxc4+ 64. Kd6 Qe4 65. Kc5 Qd3 66. Kb6 Qc4 67. Kb7 Qc5 68. Ka6 Qb4 69. Ka7 Kg5 70. Ka8 Kf5 0-1

[Event "Early-Titled-Tuesday-Blitz-May-07-2024"]
[Site "Chess.com"]
[Date "2024.05.07"]
[Round "8"]
[White "Seochesspie"]
[Black "Boundless_Strike"]
[Result "1/2-1/2"]
[WhiteElo "2850"]
[BlackElo "2681"]
[TimeControl "180+1"]
[EndTime "9:36:19 PDT"]
[Termination "Game drawn - insufficient material"]

1. c4 e5 2. Nc3 Nc6 3. Nf3 d6 4.
Rb1 f5 5. d3 Nf6 6. b4 g6 7. b5 Ne7 8. a4 Bg7 9. e3 O-O 10. Be2 h6 11. a5 Qe8 12. Ba3 g5 13. Nd2 Ng6 14. c5 d5 15. c6 Rf7 16. cxb7 Bxb7 17. Na4 d4 18. O-O Nd5 19. Nc4 Rd8 20. Bh5 Kh7 21. exd4 e4 22. dxe4 fxe4 23. Nc5 Ba8 24.
Bxg6+ Kxg6 25. Qd2 Nf4 26. Ne3 Bxd4 27. Qc2 Nd3 28.
Nxd3 exd3 29. Qxd3+ Be4 30. Qb3 Bxb1 31. Qxb1+ Kg7 32. Nf5+ Rxf5 33. Qxf5 Qe5 34. Qc2 Rd5 35. g3 Rxb5 36. a6 Rd5 37. Bc1 Rd8 38. Kg2 c5 39. f3 Re8 40. f4 Qe2+ 41. Qxe2 Rxe2+ 42. Kf3 Rxh2 43. fxg5 hxg5 44. Bxg5 Ra2 45. Ke4 Rxa6 46. g4 Rg6 47. Kf5 Bf6 48. Be3 Bd4 49. Bg5 Bf6 50. Bf4 Bd4 51. g5 Rc6 52. Rb1 Rb6 53. Re1 Kf7 54. Rh1 Kg7 55. Rh2 Rc6 56. Ra2 c4 57. Ke4 Bb6 58. Rh2 c3 59.
Be5+ Kg8 60. Rc2 Ba5 61. Kd5 Rc8 62. g6 Rd8+ 63. Ke6 Re8+ 64. Kf5 Rf8+ 65. Ke4 Re8 66. Kd5 Rd8+ 67. Kc4 Rc8+ 68. Kb5 Re8 69. Bd4 Bb6 70. Bxc3 Rc8 71. Kb4 a5+ 72. Kb3 a4+ 73. Kb4 a3 74.
Rh2 Ba5+ 75. Kxa5 Rxc3 76. Kb4 Rg3 77. Ka4 Kg7 78. Ra2 Kxg6 79. Rxa3 Rxa3+ 80. Kxa3 1/2-1/2

[Event "Early-Titled-Tuesday-Blitz-May-07-2024"]
[Site "Chess.com"]
[Date "2024.05.07"]
[Round "8"]
[White "FoggyMorning"]
[Black "DvaHrasta"]
[Result "1-0"]
[WhiteElo "2627"]
[BlackElo "2465"]
[TimeControl "180+1"]
[EndTime "9:36:28 PDT"]
[Termination "FoggyMorning won on time"]

1. e4 c6 2. d4 d5 3. Nc3 dxe4 4. Nxe4 Nf6 5. Nxf6+ exf6 6. c3 Bd6 7. Bd3 O-O 8.
Qc2 h6 9. Ne2 Qc7 10. h3 c5 11.
O-O c4 12. Be4 Nc6 13. Be3 Re8 14. Rae1 b5 15. d5 Ne5 16. Nd4 Bd7 17. f4 Nd3 18.
Bxd3 cxd3 19. Qxd3 a6 20. Kh1 Re7 21. Bd2 Rae8 22.
Rxe7 Rxe7 23. a4 Qc5 24. axb5 axb5 25. Nc2 g6 26. b4 Qc7 27. Nd4 Qb7 28. Qf3 f5 29.
Ra1 Re4 30. Nc2 Qxd5 31. Be3 Qd3 32. Rd1 Qxc2 33. Rxd6 Qxc3 34. Bd4 Qxf3 35. gxf3 Re1+ 36. Kg2 Be8 37. Rd8 Re6 38. Be5 f6 39. Bd4 Kf7 40.
Rb8 Rc6 41. Rb7+ Ke6 42. Bc5 Bd7 43. Rb8 Rc8 44. Rb7 Ra8 45. Rb6+ Kf7 46. Bd4 Ra2+ 47. Kg3 Be6 48. Rb7+ Ke8 49. Bxf6 Bd5 50. Re7+ Kf8 51. Rd7 Bc4 52. Rc7 Ra3 53. Be7+ Kg8 54. Bf6 Kf8 55. Rh7 Be2 56. Rxh6 Rxf3+ 57. Kg2 Kf7 58. Be5 Rb3 59.
Rh7+ Ke6 60. Rg7 Rxb4 61. Rxg6+ Kd5 62. Rd6+ Ke4 63. Rd2 Bd3 64. Rd1 Ra4 65. h4 Ra2+ 66. Kg3 b4 67. Re1+ Kd5 68. h5 Ra8 69. h6 Rg8+ 70.
Kh4 b3 71. h7 Re8 72. h8=Q Rxh8+ 73. Bxh8 Be4 74. Bb2 Kc4 75. Re3 Bc2 76. Kg5 Be4 77.
Kf6 Kd5 78. Ke7 Kc4 79. Kd6 Bc2 80. Ke5 Bb1 81. Rc3+ Kb4 82. Rc8 Bc2 83. Rxc2 bxc2 84. Kxf5 Kb3 85. Bc1 1-0

[Event "Early-Titled-Tuesday-Blitz-May-07-2024"]
[Site "Chess.com"]
[Date "2024.05.07"]
[Round "8"]
[White "Hikaru"]
[Black "Polish_fighter3000"]
[Result "1/2-1/2"]
[WhiteElo "3229"]
[BlackElo "3111"]
[TimeControl "180+1"]
[EndTime "9:36:30 PDT"]
[Termination "Game drawn - insufficient material"]

1. d4 Nf6 2. Bg5 e6 3. e4 h6 4. Bxf6 Qxf6 5. Nc3 Bb4 6. Qd3 d5 7. e5 Qd8 8. f4 c5 9. a3 Qa5 10.
O-O-O Bxc3 11. Qxc3 Qxc3 12. bxc3 c4 13. Ne2 Nc6 14. h3 h5 15. g3 Bd7 16. Bg2 Ne7 17.
g4 g6 18. Ng3 h4 19. Nf1 O-O 20. Nd2 Kg7 21. Nf3 Rh8 22. Kd2 b5 23. Rb1 Rab8 24. Rhe1 Rb6 25. Nh2 Ra6 26. Ra1 Rf8 27. Ke3 Ra4 28. Nf3 Rh8 29. Reb1 Bc6 30. Kd2 Bd7 31. Rb4 Ra5 32. Nh2 Rf8 33. Nf1 f5 34. exf6+ Rxf6 35. Ke3 Nc6 36. Rbb1 Ra4 37. Nd2 a5 38. Nf3 b4 39. axb4 Rxa1 40. Rxa1 axb4 41. cxb4 Nxb4 42. Ra7 Rf7 43. Ne5 Nc6 44. Nxf7 Nxa7 45. Ng5 Ba4 46. c3 Bd7 47. Nf3 Nb5 48. Kd2 Na3 49.
Kc1 Ba4 50. Nxh4 Nb5 51. Kd2 Na3 52. Kc1 Nb5 53. Kb2 Bd1 54. Bf3 Bxf3 55. Nxf3 Nd6 56. Ng5 Kf6 57. Kc2 Nb5 58. Kd2 Na3 59. h4 Nb1+ 60.
Kc2 Na3+ 61. Kc1 Nb5 62. Kd2 Na3 63. h5 gxh5 64. gxh5 Nb1+ 65. Kc2 Na3+ 66. Kb2 Nb5 67. h6 Kg6 68. h7 Kg7 69. Kc2 Na3+ 70. Kc1 Nb5 71. Kd2 Kh8 72. Nxe6 Kxh7 73. f5 Kh6 74. Nf4 Kg5 75. Nxd5 Kxf5 76. Ke3 Ke6 77. Nf4+ Kd6 78.
Ne2 Kd5 79. Kd2 Ke4 80. Ng3+ Kd5 81. Nf5 Ke4 82. Ng3+ Kd5 83. Ne2 Ke4 84. Kc2 Ke3 85.
Kd1 Kd3 86. d5 Ke4 87. Kd2 Kxd5 88. Ng3 Ke5 89. Nf1 Kf4 90. Ne3 Nxc3 91. Nxc4 1/2-1/2

[Event "Early-Titled-Tuesday-Blitz-May-07-2024"]
[Site "Chess.com"]
[Date "2024.05.07"]
[Round "8"]
[White "jefferyx"]
[Black "gurelediz"]
[Result "1/2-1/2"]
[WhiteElo "3123"]
[BlackElo "2961"]
[TimeControl "180+1"]
[EndTime "9:36:33 PDT"]
[Termination "Game drawn - insufficient material"]

1. d4 Nf6 2. c4 e6 3. Nc3 Bb4 4. Nf3 O-O 5. Bg5 h6 6. Bh4 d5 7. e3 c6 8. Rc1 Nbd7 9. a3 Be7 10. Bd3 dxc4 11. Bxc4 b5 12. Bd3 Bb7 13. O-O b4 14. axb4 Bxb4 15. Ne5 Be7 16. Nxd7 Nxd7 17. Bxe7 Qxe7 18.
Na4 e5 19. Bb1 Rfd8 20. Qc2 g6 21. Rfd1 exd4 22. Rxd4 c5 23. Rf4 Qg5 24. f3 Ne5 25.
h4 Qg3 26. Qf2 Qxf2+ 27. Kxf2 Rd2+ 28. Kg3 c4 29. Rd4 Re2 30. Be4 Bxe4 31. Rxe4 Nd3 32. Rcxc4 Ne1 33. Rc7 Rxg2+ 34. Kh3 Rf2 35. f4 Rd8 36. Rd4 Re8 37. e4 Rxf4 38. Nc5 Nf3 39. Rd6 Ne5 40. Rxa7 Rb8 41. Rb7 Rxb7 42. Nxb7 Rf3+ 43.
Kg2 Rb3 44. Nc5 Rxb2+ 45. Kg3 Rb5 46. Rd5 Nc6 47. Nd7 Rb3+ 48. Kf4 Kg7 49. e5 Rb4+ 50. Kg3 Ne7 51. Rd3 Nf5+ 52. Kf2 Rf4+ 53. Kg1 Nxh4 54. Kh2 Rf5 55. Kg3 g5 56. Rd5 Ng6 57. Kg4 Rf4+ 58. Kg3 Re4 59. Kf3 Rf4+ 60. Ke3 Rf1 61. Nf6 Re1+ 62.
Kd4 Rd1+ 63. Ke4 Rxd5 64. Kxd5 Nf4+ 65. Ke4 Kg6 66. Ng8 h5 67. Ne7+ Kg7 68. Kf5 Ne6 69. Nd5 h4 70. Kg4 Kg6 71. Ne7+ Kg7 72. Nf5+ Kh7 73. Ne7 Nf4 74. Kxg5 h3 75. Nf5 h2 76. Ng3 Nd3 77. Nh1 Nxe5 78. Kf4 f6 79. Kg3 Kg6 80. Kxh2 Kg5 81. Kg3 f5 82. Nf2 f4+ 83. Kg2 Kh4 84.
Ne4 Kg4 85. Nf2+ Kh4 86. Ne4 Kg4 87. Nf2+ Kf5 88. Nh3 f3+ 89. Kg3 Ke4 90. Ng5+ Ke3 91. Nxf3 1/2-1/2

[Event "Early-Titled-Tuesday-Blitz-May-07-2024"]
[Site "Chess.com"]
[Date "2024.05.07"]
[Round "8"]
[White "Juicy_Fork"]
[Black "wqws"]
[Result "1-0"]
[WhiteElo "2463"]
[BlackElo "2679"]
[TimeControl "180+1"]
[EndTime "9:36:33 PDT"]
[Termination "Juicy_Fork won by checkmate"]

1. e4 c5 2. Nf3 d6 3. d4 cxd4 4. Nxd4 Nf6 5. Nc3 a6 6. Bd3 g6 7.
f3 Bg7 8. Be3 O-O 9. Qd2 Nbd7 10. O-O-O Ne5 11. h4 Nxd3+ 12. Qxd3 h5 13. Bg5 Bd7 14.
g4 hxg4 15. Bxf6 Bxf6 16. h5 Kg7 17. hxg6 fxg6 18. Qe3 Rh8 19. fxg4 e5 20. Nf3 Bxg4 21.
Rhg1 Qd7 22. Nd5 Bxf3 23. Nxf6 Qe6 24. Qxf3 Qxf6 25. Qxf6+ Kxf6 26. Rxd6+ Kf7 27. Rdxg6 Rh7 28. R6g5 Re8 29. Rf1+ Ke6 30. Rd1 Rh2 31. Rg6+ Kf7 32. Rg3 Rc8 33. c3 Re2 34. Rd7+ Ke6 35. Rxb7 Kf6 36.
Rb6+ Kf7 37. Rxa6 Rh8 38. Rf3+ Ke7 39. Rf1 Rhh2 40. Rb6 Rxe4 41. Rg1 Ree2 42. Rg7+ Kf8 43. Rd7 Ke8 44. Rd1 e4 45. a4 e3 46. a5 Rc2+ 47. Kb1 Rcf2 48. Re1 e2 49. Kc2 Rh5 50. a6 Ra5 51. Re6+ Kd7 52. R1xe2 Rxe2+ 53. Rxe2 Rxa6 54. Rd2+ Kc6 55. Rf2 Kd5 56. Rf5+ Ke4 57. Rh5 Rg6 58. Rh4+ Kd5 59. Rd4+ Kc5 60. b4+ Kb5 61. Kb3 Rg1 62.
Rd5+ Kc6 63. Rc5+ Kb6 64. Rh5 Rg8 65. c4 Rg1 66. Rh6+ Kc7 67. b5 Rc1 68. Kb4 Rg1 69. Rh7+ Kb8 70. Ka5 Ka8 71. Ka6 Rg8 72. b6 Kb8 73.
Rb7+ Ka8 74. Rf7 Re8 75. c5 Rb8 76. c6 Rxb6+ 77. Kxb6 Kb8 78. Rf8# 1-0

[Event "Early-Titled-Tuesday-Blitz-May-07-2024"]
[Site "Chess.com"]
[Date "2024.05.07"]
[Round "8"]
[White "Smiechu"]
[Black "ural58"]
[Result "1/2-1/2"]
[WhiteElo "2401"]
[BlackElo "2523"]
[TimeControl "180+1"]
[EndTime "9:36:33 PDT"]
[Termination "Game drawn - insufficient material"]

1. e4 e5 2. Nf3 Nc6 3. Bb5 a6 4. Ba4 Bc5 5. O-O Nge7 6. c3 Ba7 7. d4 Ng6 8. Bg5 f6 9. Be3 O-O 10. Bb3+ Kh8 11. Nbd2 Na5 12. Bc2 b5 13. a4 Nc4 14.
Nxc4 bxc4 15. Qe2 Rb8 16. Qxc4 Rxb2 17. Bb3 Nf4 18. Rfe1 d5 19. exd5 Bg4 20. Bxf4 exf4 21. Bd1 g5 22. Ra2 Rb1 23. Qd3 Qb8 24. Bc2 Rxe1+ 25.
Nxe1 Rf7 26. Qxa6 Qe8 27. Ra1 Bb8 28. Qb5 Bd7 29. Qd3 Re7 30. Nf3 Bg4 31. h3 Bh5 32. a5 Bg6 33. Qd1 Bf7 34. a6 Ba7 35. c4 h5 36. Qd3 Qg8 37. c5 g4 38. d6 cxd6 39.
cxd6 Rd7 40. Nd2 Rxd6 41. Ne4 Rxd4 42. Qf1 f3 43. Nxf6 Qg5 44. hxg4 Qxf6 45. gxh5 Qg5 46. g3 Qg4 47. Re1 Rd7 48. Kh1 Qxh5+ 49. Kg1 Qg4 50.
Kh2 Qg5 51. Qh3+ Kg7 52. Re4 Bh5 53. g4 Rd2 54. Qxh5 Qxh5+ 55. gxh5 Rxc2 56. Re7+ Kf6 57.
Rxa7 Rxf2+ 58. Kg3 Ra2 59. Kxf3 Kg5 60. Ke4 Kxh5 61.
Kd5 Ra1 62. Kc5 Kg6 63. Kb6 Rb1+ 64. Kc6 Rc1+ 65. Kb7 Rb1+ 66. Ka8 Kf6 67. Rd7 Ke6 68. Rd2 Rh1 69. a7 Rh7 70. Kb8 Rh8+ 71. Kb7 Rh7+ 72. Kc8 Rxa7 73. Kb8 Ra5 74. Kb7 Re5 75. Kb6 Ke7 76.
Kc6 Re6+ 77. Kc5 Re3 78. Kc4 Re6 79. Kd3 Rd6+ 80. Ke3 Rf6 81. Kd3 Rd6+ 82. Ke3 Rxd2 83. Kxd2 1/2-1/2

[Event "Early-Titled-Tuesday-Blitz-May-07-2024"]
[Site "Chess.com"]
[Date "2024.05.07"]
[Round "8"]
[White "PonyQueen07"]
[Black "chess_sharparchitect"]
[Result "0-1"]
[WhiteElo "2126"]
[BlackElo "2267"]
[TimeControl "180+1"]
[EndTime "9:36:35 PDT"]
[Termination "chess_sharparchitect won on time"]

1. c4 e5 2. Nc3 Nf6 3. g3 c6 4. Nf3 e4 5. Nd4 d5 6. cxd5 cxd5 7. d3 Bc5 8. dxe4 dxe4 9. Nb3 Qxd1+ 10. Nxd1 Bb6 11. Bg5 Nbd7 12. e3 h6 13. Bxf6 Nxf6 14. Bb5+ Ke7 15. Nc3 a6 16. Bc4 Bf5 17. O-O-O Rac8 18. Be2 Rhd8 19. Kb1 Rxd1+ 20. Rxd1 Rd8 21. Rxd8 Kxd8 22.
Kc1 Kd7 23. Na4 Bc7 24. Nac5+ Kc6 25. Nd4+ Kxc5 26. Nxf5 Ne8 27. Kc2 Be5 28. a3 Nd6 29. Nxd6 Kxd6 30. Bc4 f6 31. b3 g5 32. g4 Bxh2 33. a4 Bg1 34. Kd2 Bxf2 35. Ke2 Bg3 36. Bf7 Be5 37. Bg6 Kd5 38. Bf7+ Kc5 39. Bg6 Kb4 40. Bf7 b5 41. axb5 axb5 42. Be6 Bc3 43. Bd5 Bb2 44. Be6 Be5 45. Bf7 Kc3 46. Be6 b4 47.
Bf7 Kc2 48. Be6 Bd6 49. Bf7 Bf8 50. Be6 h5 51. gxh5 Bh6 52. Kf2 Kc3 53. Ke2 Kc2 54. Kf2 Kd2 55. Bd5 f5 56. Be6 f4 57. exf4 gxf4 58. Bg4 e3+ 59. Kf1 Kc3 60. Be6 Kd3 61. Bc4+ Kc3 62. Be2 Kxb3 63. Bd3 Kc3 64. Ke2 Kd4 65.
Bb1 Kc3 66. Bd3 b3 67. Bb1 b2 68. Bd3 Kb3 69. Bb1 Ka3 70. Kf3 Kb3 71. Ke2 Kc3 72.
Be4 Kd4 73. Bb1 Ke5 74. Kf3 Kf6 75. Bc2 Kg5 76. Bb1 Kxh5 77. Bc2 Kg5 78. Bb1 Kf6 79. Bc2 Ke5 80. Bb1 Kd4 81. Ke2 Kc3 82. Be4 Kb3 83.
Bb1 Kc3 84. Be4 Bg7 85. Bb1 Be5 86. Be4 Bd4 87. Bb1 f3+ 88. Kxf3 Kd2 0-1

[Event "Early-Titled-Tuesday-Blitz-May-07-2024"]
[Site "Chess.com"]
[Date "2024.05.07"]
[Round "8"]
[White "RobertoJBM"]
[Black "RebelJohnny"]
[Result "0-1"]
[WhiteElo "2850"]
[BlackElo "2585"]
[TimeControl "180+1"]
[EndTime "9:36:39 PDT"]
[Termination "RebelJohnny won on time"]

1. d4 d5 2. c4 dxc4 3. Nf3 Nf6 4. e3 e6 5. Bxc4 c5 6. dxc5 Bxc5 7. Qxd8+ Kxd8 8.
O-O a6 9. Be2 Ke7 10. Nbd2 Bd7 11. Nb3 Bb6 12. Bd2 Nc6 13. Nfd4 Rhc8 14. Nxc6+ Bxc6 15. Bb4+ Ke8 16. Na5 Nd5 17. Nxc6 Rxc6 18. Ba3 Bc5 19.
Bxc5 Rxc5 20. Bf3 Rac8 21. Rfd1 Ke7 22. g3 b6 23. Rd2 Rc2 24. Rad1 Rxd2 25. Rxd2 Nb4 26.
a3 Nc6 27. Be2 a5 28. f4 Rd8 29. Rc2 Rd6 30. Kf2 e5 31. Bf3 Kd7 32. Be4 g6 33. Kf3 Ne7 34. Ke2 f5 35. Bf3 e4 36. Bg2 Rc6 37. Rd2+ Rd6 38. Bf1 Rxd2+ 39. Kxd2 Kd6 40.
Bc4 Nd5 41. b3 Kc5 42. a4 h6 43. h4 Kd6 44. Be2 Kc5 45. h5 gxh5 46. Bxh5 Kd6 47. Bf7 Ne7 48. Kc3 Nc6 49. Kc4 Nb4 50. Kc3 Nd5+ 51.
Kd2 Nb4 52. Bg6 Ke6 53. Bh7 Kf6 54. Bg8 Nc6 55. Bc4 Ne7 56. Be2 Ng6 57. Bh5 Ne7 58. Kc3 Nd5+ 59. Kd4 Nb4 60. Kc3 Nd5+ 61. Kd2 Nc7 62.
Be2 Ne6 63. Bc4 Nc5 64. Kc3 h5 65. Kd4 Kg6 66. Ke5 Nd3+ 67. Kd4 Nf2 68. Bb5 Nh1 69.
Be8+ Kh6 70. Kc4 Nxg3 71. Kb5 h4 72. Kxb6 h3 73. Kxa5 h2 74. b4 h1=Q 75. b5 Qe1+ 76. Ka6 Qxe3 77. b6 Qxf4 78. b7 Qb8 79. Bb5 e3 80. Kb6 e2 81. Bxe2 Nxe2 82. a5 Nd4 83.
a6 Qd6+ 84. Ka7 Nb5+ 0-1

[Event "Early-Titled-Tuesday-Blitz-May-07-2024"]
[Site "Chess.com"]
[Date "2024.05.07"]
[Round "8"]
[White "ravengelic"]
[Black "klimkoj"]
[Result "0-1"]
[WhiteElo "2663"]
[BlackElo "2934"]
[TimeControl "180+1"]
[EndTime "9:36:59 PDT"]
[Termination "klimkoj won by checkmate"]

1. d4 Nf6 2. Bf4 d5 3. e3 c5 4. c3 Qb6 5. Qb3 Nc6 6. Nd2 c4 7. Qxb6 axb6 8. a3 Bf5 9. Rc1 e6 10. Ngf3 Nh5 11. Bg5 f6 12. Bh4 g5 13. Bg3 b5 14. Be2 Nxg3 15. hxg3 Bd6 16. Bd1 Kf7 17.
Bc2 Bxc2 18. Rxc2 h5 19. e4 Ne7 20. e5 Bc7 21. exf6 Kxf6 22. Nf1 Nf5 23. Re2 Rag8 24. Ne5 Bxe5 25. Rxe5 Nd6 26. f3 h4 27. gxh4 gxh4 28. Kf2 Rh7 29. Ne3 Nf7 30. Ng4+ Rxg4 31. fxg4 Nxe5 32. dxe5+ Kxe5 33. Rh3 Kf4 34. Rf3+ Kxg4 35.
Rf6 Re7 36. Rg6+ Kf5 37. Rh6 Kg5 38. Rh8 Rg7 39. Re8 Kf5 40. Rh8 Rg4 41. Rh7 Rf4+ 42. Ke3 Re4+ 43. Kf3 e5 44. Rxb7 Rf4+ 45. Ke2 Rg4 46.
Kf2 d4 47. cxd4 exd4 48. Rxb5+ Ke4 49. a4 Kd3 50. a5 Rf4+ 51. Kg1 Rf6 52. Rb6 Rf5 53.
a6 Ra5 54. Kh2 Kc2 55. Kh3 d3 56. Rc6 Ra4 57. a7 d2 58. Rxc4+ Rxc4 59. a8=Q d1=Q 60.
Qg8 Qd3+ 61. Kh2 Kxb2 62. Qb8+ Kc2 63. Qa7 Kb2 64. Qb6+ Qb3 65. Qf6+ Ka3 66. Qa6+ Ra4 67. Qd6+ Qb4 68. Qd3+ Kb2 69. Qe2+ Kc1 70. Qf1+ Kc2 71. Qe2+ Qd2 72. Qf1 Qd6+ 73. Kh1 Qd1 74. Qg1 Qxg1+ 75.
Kxg1 Ra3 76. Kh2 Rg3 77. Kg1 Kd3 78. Kf2 Ke4 79. Kg1 Kf4 80. Kh1 Kg4 81. Kg1 h3 82. Kh1 hxg2+ 83. Kg1 Ra3 84. Kh2 Ra2 85. Kg1 Kf3 86.
Kh2 Ra1 87. Kh3 Rh1# 0-1